 Dungeon Crawl Stone Soup version 0.23-a0-767-gdc19b93 (webtiles) character file.

296 TheGoonsmith the Shooter (level 6, -3/51 HPs)
             Began as a Centaur Arcane Marksman on Jan 19, 2019.
             Was an Initiate of Okawaru.
             Slain by Grinder (5 damage)
             ... on level 3 of the Dungeon.
             The game lasted 00:05:19 (3439 turns).

TheGoonsmith the Shooter (Centaur Arcane Marksman)  Turns: 3439, Time: 00:05:20

Health: -3/51      AC:  7    Str: 14    XL:     6   Next: 12%
Magic:  7/7        EV:  8    Int: 13    God:    Okawaru [......]
Gold:   119        SH:  0    Dex:  9    Spells: 6/7 levels left

rFire    . . .     SeeInvis .   a - +0 shortbow
rCold    . . .     Gourm    .   (shield currently unavailable)
rNeg     . . .     Faith    .   o - +0 ring mail
rPois    .         Spirit   .   t - +2 hat
rElec    .         Reflect  .   (no cloak)
rCorr    .         Harm     .   (no gloves)
MR       .....                  (no barding)
Stlth    ..........             (no amulet)
HPRegen  0.17/turn              (no ring)
MPRegen  0.10/turn              (no ring)

@: hasted, drained, very quick
A: large, hooves 3, deformed body, speed 2, tough skin 3
a: Renounce Religion


You were on level 3 of the Dungeon.
You worshipped Okawaru.
Okawaru was noncommittal.
You were hungry.

You visited 1 branch of the dungeon, and saw 3 of its levels.

You collected 119 gold pieces.

Inventory:

Hand Weapons
 a - a +0 shortbow (weapon)
 b - a +1 dagger of draining
 l - a +0 club
Missiles
 d - 11 arrows (quivered)
Armour
 e - a +0 robe
 o - a +0 ring mail (worn)
 t - a +2 hat (worn)
Wands
 g - a wand of digging (4)
 k - a wand of acid (7)
 s - a wand of polymorph (5)
Scrolls
 c - 2 scrolls of magic mapping {unknown}
 h - a scroll of immolation {unknown}
 i - a scroll of enchant armour {unknown}
 j - 2 scrolls of identify {unknown}
 m - a scroll of fear {unknown}
 n - 4 scrolls of teleportation {unknown}
 q - 3 scrolls of remove curse {unknown}
Comestibles
 f - 4 rations
 u - a chunk of flesh


   Skills:
 - Level 3.0(2.6) Fighting
 + Level 2.0(1.6) Short Blades
 * Level 6.8(6.4) Bows
 - Level 1.3(1.0) Dodging
 - Level 1.0(0.6) Spellcasting
 - Level 2.6(2.2) Hexes


You had 6 spell levels left.
You knew the following spells:

 Your Spells              Type           Power        Failure   Level  Hunger
a - Corona                Hex            #......      24%         1    ##.....

Your spell library contained the following spells:

 Spells                   Type           Power        Failure   Level  Hunger
 Slow                     Hex            #.......     34%         2    ###....
 Inner Flame              Hex/Fire       #.......     75%         3    ####...
 Portal Projectile        Hex/Tloc       #.....       75%         3    ####...
 Cause Fear               Hex            #.........   93%         4    #####..
 Leda's Liquefaction      Hex/Erth       #.........   98%         4    #####..


Dungeon Overview and Level Annotations

Branches:
Dungeon (3/15)

Altars:
Cheibriados
Elyvilon
Okawaru

Annotations:
D:3 Grinder


Innate Abilities, Weirdness & Mutations

You have hooves in place of feet.
Armour fits poorly on your strangely shaped body.
You cover ground very quickly.
You have extremely tough skin. (AC +3)


Message History

Aim: Grinder (heavily wounded)
You shoot an arrow. The arrow barely misses Grinder.
Grinder hits you!
* * * LOW HITPOINT WARNING * * *
You writhe in agony.
* * * LOW HITPOINT WARNING * * *
Unknown command.
Firing (i - inventory)
d - 13 arrows (quivered)
Press: ? - help, Shift-Dir - straight line, f/p - Grinder
Aim: Grinder (heavily wounded)
You shoot an arrow. The arrow hits Grinder!
Grinder is almost dead.
Grinder closely misses you.
Firing (i - inventory)
d - 12 arrows (quivered)
Press: ? - help, Shift-Dir - straight line, f/p - Grinder
Aim: Grinder (severely wounded)
You shoot an arrow. The arrow closely misses Grinder.
Grinder hits you.
* * * LOW HITPOINT WARNING * * *
You writhe in agony.
You die...

####'### #......######
#......##...#
#......##...#
####'####...# #.# #(..#
#.# #...# ##########
#.####...#####........#
#.(.)...5@(..†........#
######...#####[.......#
##### ..........#
.....###+###. #.....#
#.....# #.....# #.....#


You could see Grinder.

Vanquished Creatures
  Jessica (D:2)
  Natasha (thrice) (D:2)
  3 gnolls (D:2)
  7 adders
  2 worms
  4 dart slugs
  A leopard gecko (D:2)
  4 orcs (D:3)
  6 bats
  4 giant cockroaches (D:1)
  10 goblins
  13 hobgoblins
  9 jackals
  2 quokkas (D:2)
  3 frilled lizards (D:2)
  6 kobolds
  7 rats
85 creatures vanquished.

Notes
Turn   | Place    | Note
-------+----------+-------------------------------------------
     0 | D:1      | TheGoonsmith the Centaur Arcane Marksman began the quest
                  | for the Orb.
     0 | D:1      | Reached XP level 1. HP: 16/16 MP: 2/2
    73 | D:1      | Reached skill level 3 in Bows
   291 | D:1      | Reached XP level 2. HP: 18/23 MP: 3/3
   389 | D:1      | You fall through a shaft!
   403 | D:2      | Found a white marble altar of Elyvilon.
   403 | D:2      | Noticed Natasha
   407 | D:2      | Noticed a crimson imp
   409 | D:2      | Noticed a crimson imp
   409 | D:2      | Killed Natasha
   409 | D:2      | Reached skill level 4 in Bows
   409 | D:2      | Reached XP level 3. HP: 29/29 MP: 4/4
   563 | D:2      | Found a snail-covered altar of Cheibriados.
  1107 | D:1      | Reached skill level 5 in Bows
  1184 | D:1      | Reached XP level 4. HP: 36/36 MP: 5/5
  1789 | D:2      | Noticed Natasha
  1898 | D:2      | Killed Natasha
  1996 | D:2      | Noticed Natasha
  2014 | D:2      | Killed Natasha
  2014 | D:2      | Reached skill level 1 in Short Blades
  2301 | D:2      | Reached XP level 5. HP: 38/42 MP: 6/6
  2447 | D:2      | Noticed Jessica
  2456 | D:2      | Reached skill level 6 in Bows
  2459 | D:2      | Killed Jessica
  3090 | D:3      | Reached XP level 6. HP: 50/51 MP: 7/7
  3188 | D:3      | Found an iron altar of Okawaru.
  3195 | D:3      | Became a worshipper of Warmaster Okawaru
  3379 | D:3      | Noticed Grinder
  3404 | D:3      | Paralysed by Grinder for 3 turns
  3420 | D:3      | Paralysed by Grinder for 7 turns
  3439 | D:3      | HP: 2/51 [Grinder (6)]
  3439 | D:3      | Slain by Grinder

Vault maps used:
D:1:      dpeg_arrival_triangle_fractal
D:2:      minmay_inner_zag, grunt_temple_overflow_open, minmay_hedge_maze,
          uniq_jessica, uniq_natasha
D:3:      nicolae_overflow_crystal_walls, tso_altar, first_ration,
          okawaru_ov_weapons_minmay, uniq_grinder, uniq_terence

Skill      XL: |  1  2  3  4  5  6 |
---------------+-------------------+-----
Bows           | 3 4 5 6 |  6.8
Fighting       | 2 3 |  3.0
Short Blades   | 1 2 |  2.0
Dodging        | |  1.3
Spellcasting   | |  1.0
Hexes          | |  2.6

Action                   |  1- 3 |  4- 6 || total
-------------------------+-------+-------++-------
Melee: Club              |    39 |       ||    39
       Kick              |    16 |    37 ||    53
       Dagger            |    43 |   242 ||   285
 Fire: Shortbow          |    21 |     7 ||    28
  Use: Potion            |       |     2 ||     2
  Eat: Chunk             |       |     6 ||     6
Armor: Robe              |    32 |    30 ||    62
       Ring mail         |       |    68 ||    68
Dodge: Dodged            |    43 |    97 ||   140

Table legend:
 A = Non-vault XP
 B = Vault XP
 C = Vault XP percentage of total XP
 D = Non-vault monster count
 E = Vault monster count
 F = Vault count percentage of total count
                 A         B        C        D         E       F
            +---------+---------+-------+---------+---------+-------
      Total |     316 |     107 |  25.3 |      78 |       7 |   8.2
            +---------+---------+-------+---------+---------+-------
        D:1 |      61 |       0 |   0.0 |      30 |       0 |   0.0
        D:2 |     196 |     107 |  35.3 |      33 |       7 |  17.5
        D:3 |      59 |       0 |   0.0 |      15 |       0 |   0.0
            +---------+---------+-------+---------+---------+-------
